 Dungeon Crawl Stone Soup version 0.22-a0-499-g80674aa (console) character file.

40126 Homage the Nimble (level 13, -3/61 HPs)
             Began as a Spriggan Enchanter on Nov 16, 2018.
             Was a Follower of Uskayaw.
             Slain by a wolf spider (5 damage)
             ... on level 1 of the Spider Nest.
             The game lasted 01:50:04 (23969 turns).

Homage the Nimble (Spriggan Enchanter)             Turns: 23969, Time: 01:50:04

Health: -3/61      AC:  4    Str:  7    XL:     13   Next: 72%
Magic:  28/36      EV: 31    Int: 24    God:    Uskayaw [*.....]
Gold:   1024       SH: 11    Dex: 21    Spells: 13/30 levels left

rFire    + . .     SeeInvis +   b - +3 blowgun
rCold    . . .     Gourm    .   H - +2 buckler of Greed {rF+, !d}
rNeg     . . .     Faith    .   s - +1 robe
rPois    .         Spirit   .   w - +0 hat
rElec    .         Reflect  .   D - +0 cloak
rCorr    .         Harm     .   (gloves unavailable)
MR       ++...     Clarity  +   (boots unavailable) Stlth ++++++....Rnd*Tele +
                                F - amulet "Ihuonep" {+Rage Dex+4}
HPRegen  0.20/turn              q - ring "Roxi" {Str+3 Int+3 Stlth+}
MPRegen  0.25/turn              n - ring of magical power

@: slowed, quick
A: very small, unfitting armour, talons 1, see invisible, clarity, herbivore,
speed 3, slow metabolism 2, teleportitis 1
a: Stomp, Renounce Religion, Evoke Berserk Rage


You were on level 1 of the Spider Nest.
You worshipped Uskayaw.
Uskayaw was noncommittal.
You were not hungry.

You visited 4 branches of the dungeon, and saw 17 of its levels.
You also visited: Labyrinth, Sewer and Volcano.

You collected 1256 gold pieces.
You spent 232 gold pieces at shops.

Inventory:

Hand Weapons
 a - the +7 Spriggan's Knife {MR+ EV+4 Dex+4 Stlth+, !d}
   (You found it in a labyrinth)

   It affects your evasion (+4).
   It affects your dexterity (+4).
   It affects your resistance to hostile enchantments.
   It makes you more stealthy.
 b - a +3 blowgun (weapon)
Missiles
 e - 19 tomahawks
 o - 12 curare-tipped needles
 p - 62 poisoned needles (quivered)
 r - a throwing net
 I - 3 needles of paralysis
Armour
 s - a +1 robe (worn)
 w - a +0 hat (worn)
 D - a +0 cloak (worn)
 H - the +2 buckler of Greed (worn) {rF+, !d}
   (You acquired it on level 1 of the Lair of Beasts)

   It protects you from fire.
Jewellery
 n - a ring of magical power (right hand)
 q - the ring "Roxi" (left hand) {Str+3 Int+3 Stlth+}
   (You found it on level 4 of the Dungeon)

   [ring of stealth]

   It affects your strength (+3).
   It affects your intelligence (+3).
   It makes you more stealthy.
 y - an uncursed ring of positive energy
 z - an uncursed ring of protection from fire
 E - an uncursed ring of resist corrosion
 F - the amulet "Ihuonep" (around neck) {+Rage Dex+4}
   (You found it in a labyrinth)

   [amulet of rage]

   It affects your dexterity (+4).
   It lets you go berserk.
Wands
 i - a wand of digging (15)
 j - a wand of scattershot (6)
 l - a wand of iceblast (5)
 x - a wand of acid (9)
 A - a wand of flame (92)
 P - a wand of paralysis (15)
Scrolls
 c - a scroll of remove curse
 f - 2 scrolls of magic mapping
 h - 8 scrolls of teleportation
 k - a scroll of holy word
 m - a scroll of fog
 K - a scroll of identify
 L - 3 scrolls of blinking
 O - a scroll of torment
 R - a scroll of immolation
Potions
 d - a potion of resistance
 g - 2 potions of restore abilities
 t - 4 potions of heal wounds
 u - 6 potions of flight
 v - 6 potions of curing
 B - a potion of lignification
 G - 3 potions of agility
 J - a potion of berserk rage
 M - 2 potions of might
 N - a potion of haste
 U - a potion of magic
Comestibles
 C - 12 rations


   Skills:
 - Level 4.0 Fighting
 - Level 10.1 Short Blades
 * Level 8.8 Throwing
 - Level 2.4 Armour
 - Level 13.0 Dodging
 - Level 11.0 Stealth
 - Level 7.2 Shields
 - Level 9.0 Spellcasting
 - Level 2.1 Conjurations
 - Level 9.0 Hexes
 - Level 7.4 Translocations
 - Level 3.2 Ice Magic
 - Level 4.3 Invocations


You had 13 spell levels left.
You knew the following spells:

 Your Spells              Type           Power        Failure   Level  Hunger
a - Corona                Hex            ######.      1%          1    None
b - Ensorcelled Hibernat  Hex/Ice        #####.       1%          2    None
c - Confuse               Hex            ######..     1%          3    None
d - Dazzling Spray        Conj/Hex       #####.       1%          3    None
e - Tukima's Dance        Hex            ######..     1%          3    None
f - Gell's Gravitas       Tloc           #####.....   1%          3    None
v - Blink                 Tloc           N/A          1%          2    None


Dungeon Overview and Level Annotations

Branches:
Dungeon (9/15)             Temple (1/1) D:5            Lair (6/6) D:8
  Swamp (0/4) Lair:3       Spider (1/4) Lair:4        Slime (0/5) Lair:5
    Orc (0/2) D:9

Altars:
Ashenzari
Cheibriados
Dithmenos
Elyvilon
Fedhas
Gozag
Hepliaklqana
Jiyva
Kikubaaqudgha
Makhleb
Nemelex Xobeh
Okawaru
Qazlal
Ru
Sif Muna
Trog
Uskayaw
Vehumet
Wu Jian
Xom
Yredelemnul
Zin
The Shining One

Shops:
D:5 [   D:6 *?   D:9 =[

Annotations:
D:8 Gastronok
Lair:2 exclusion: 3 oklob plants
Lair:4 exclusion: 3 oklob plants
Lair:5 2 transporters, 1 runed door


Innate Abilities, Weirdness & Mutations

You are very small and have problems with some larger weapons.
You are too small for most types of armour.
You have supernaturally acute eyesight. (SInv)
You are a herbivore.
You cover ground extremely quickly.
You need to consume almost no food.
You have sharp toenails.
You possess an exceptional clarity of mind.
You are occasionally teleported next to monsters.


Message History

You shoot a poisoned needle.
The poisoned needle barely misses the wolf spider.
The poisoned needle hits the wolf spider!!
The wolf spider is poisoned.
The wolf spider hits you but does no damage.
The wolf spider barely misses you. The wolf spider misses you.
You block the wolf spider's attack. The wolf spider barely misses you.
The wolf spider bites you!
* * * LOW HITPOINT WARNING * * *
You are lethally poisoned!
The wolf spider poisons you!
You feel better.
The hornet looks more healthy.
The wolf spider completely misses you. You block the wolf spider's attack.
The wolf spider barely misses you.
The wolf spider completely misses you. x2
You block the wolf spider's attack. The wolf spider completely misses you.
The wolf spider barely misses you.
The wolf spider completely misses you. x2
The wolf spider misses you. The wolf spider bites you!
* * * LOW HITPOINT WARNING * * *
You block the wolf spider's attack. The wolf spider bites you.
You die...

##
......................#.....
.######..........(........##
.. .##.#.###.......s....######
.#......#####..§.........## .#
.#...<..........w.....^...#...
..^...........(.....#######...
................y.........§..s
(..............sss............
...............#@.........?.s.
...............#.....#........
..............##.....#......s.
..............#......#........
..............#[.....#s.......
.......^......#......#.s......
.....#..#.....#....#.#.......#
.....#..#.....#....###........
.[...#..#.....### ##.......


You could see a torpor snail, 3 wolf spiders, a hornet and a jumping spider.

Vanquished Creatures
  An entropy weaver (Spider:1)
  Nessos (Lair:4)
  A red draconian (Volcano)
  A fire dragon (Lair:6)
  A minotaur (Lab)
  5 hydras
  A centaur warrior (Volcano)
  4 two-headed ogres
  Nergalle (Lair:2)
  A fire crab (Lair:6)
  A lindwurm (Lair:3)
  3 wolf spiders
  A manticore (D:9)
  Maurice (D:8)
  3 elephants (Lair:4)
  3 black mambas
  4 molten gargoyles
  4 spiny frogs
  2 demonic crawlers (Lair:4)
  9 komodo dragons
  A troll (D:9)
  The ghost of Fhqwhgads the Charmwright, an amateur GnSk (D:5)
  5 jumping spiders
  6 hippogriffs
  8 blink frogs
  4 tarantellas
  6 redbacks
  2 wyverns (Lair:6)
  3 basilisks
  20 yaks
  A hungry ghost (Lab)
  A fire bat (Volcano)
  2 steam dragons (Lair:6)
  6 swamp worms (Lair:3)
  4 hell hounds (Lair:6)
  6 water moccasins
  8 porcupines
  7 orc warriors
  A sky beast (D:8)
  2 ice beasts
  2 black bears
  6 centaurs
  2 ogres
  12 wolves
  7 crocodiles
  3 big kobolds
  10 bullfrogs
  An earth elemental (Lab)
  A water moccasin skeleton (D:7)
  2 scorpions
  3 killer bees (D:9)
  2 troll skeletons (Lab)
  4 wights (D:6)
  2 electric eels
  A spriggan skeleton (Lab)
  4 crimson imps
  8 lava snakes
  A bullfrog zombie (D:8)
  6 orc priests
  A centaur zombie (D:6)
  4 hounds
  2 jellies
  9 orc wizards
  3 centaur skeletons (Lab)
  5 iguanas
  5 worker ants
  7 sheep (Lair:6)
  A worker ant zombie (D:6)
  Robin (D:2)
  A howler monkey skeleton (D:4)
  10 adders
  4 gnolls (D:7)
  4 river rats
  2 shadow imps
  2 oozes
  2 adder zombies
  8 worms
  A dart slug (D:2)
  5 leopard geckos
  42 orcs
  4 bats
  2 giant cockroaches
  20 goblins
  11 hobgoblins
  13 jackals
  A quokka (D:8)
  6 frilled lizards
  18 kobolds
  2 quokka skeletons (D:4)
  15 rats
430 creatures vanquished.

Vanquished Creatures (others)
  3 fungi (Lair:1)
  A plant (Lair:1)
4 creatures vanquished.

Grand Total: 434 creatures vanquished

Notes
Turn   | Place    | Note
-------+----------+-------------------------------------------
     0 | D:1      | Homage the Spriggan Enchanter began the quest for the Orb.
     0 | D:1      | Reached XP level 1. HP: 9/9 MP: 5/5
   680 | D:2      | Reached XP level 2. HP: 13/13 MP: 6/6
   793 | D:1      | Learned a level 2 spell: Ensorcelled Hibernation
   800 | D:2      | Reached skill level 1 in Ice Magic
  1009 | D:2      | Reached XP level 3. HP: 16/16 MP: 5/8
  1135 | D:2      | Learned a level 3 spell: Confuse
  1252 | D:2      | Noticed Robin
  1422 | D:2      | Reached skill level 5 in Stealth
  1456 | D:2      | Killed Robin
  1681 | D:2      | Reached XP level 4. HP: 18/21 MP: 0/9
  2118 | D:2      | Reached skill level 4 in Dodging
  2777 | D:3      | Reached skill level 5 in Dodging
  2777 | D:3      | Reached XP level 5. HP: 7/24 MP: 1/10
  3741 | D:4      | Got a crude jade ring
  3866 | D:4      | Noticed an ogre
  3876 | D:4      | Killed an ogre
  3970 | D:4      | Reached XP level 6. HP: 25/28 MP: 11/11
  4078 | D:4      | Reached skill level 6 in Dodging
  4162 | D:4      | Found a shattered altar of Ashenzari.
  4332 | D:5      | Entered Level 5 of the Dungeon
  4380 | D:5      | Identified the ring "Roxi" {Str+3 Int+3 Stlth+} (You found it on level 4 of the Dungeon)
  4408 | D:5      | Found a glowing drain.
  4413 | Sewer    | Entered a sewer
  4679 | Sewer    | Found a white marble altar of Elyvilon.
  4744 | D:5      | Reached XP level 7. HP: 32/32 MP: 14/14
  4838 | D:5      | Noticed Fhqwhgads's ghost (amateur GnSk)
  4938 | D:5      | Killed Fhqwhgads's ghost
  4949 | D:5      | Found a staircase to the Ecumenical Temple.
  4989 | Temple   | Entered the Ecumenical Temple
  5083 | Temple   | Became a worshipper of Uskayaw the Reveler
  5102 | Temple   | Learned a level 3 spell: Dazzling Spray
  5106 | Temple   | Learned a level 3 spell: Tukima's Dance
  5197 | D:5      | Reached * piety under Uskayaw
  5201 | D:5      | Reached ** piety under Uskayaw
  5216 | D:5      | Reached skill level 5 in Hexes
  5301 | D:5      | Found Fumept's Armour Boutique.
  5430 | D:6      | Found Loaw's Elemental Accessories.
  5660 | D:6      | Reached skill level 5 in Spellcasting
  5681 | D:6      | Reached XP level 8. HP: 34/36 MP: 17/17
  5736 | D:6      | Reached skill level 7 in Dodging
  5765 | D:6      | Reached skill level 1 in Conjurations
  6193 | D:6      | Found Sitoutta's Magic Scroll Emporium.
  6276 | D:6      | Found a burning altar of Makhleb.
  6278 | D:6      | Found a blossoming altar of Fedhas.
  6322 | D:6      | Learned a level 2 spell: Blink
  6618 | D:6      | Reached skill level 5 in Short Blades
  6656 | D:7      | Reached skill level 1 in Translocations
  6799 | D:7      | Noticed a hippogriff
  6830 | D:7      | Killed a hippogriff
  6834 | D:7      | Reached skill level 5 in Translocations
  6834 | D:7      | Reached *** piety under Uskayaw
  7038 | D:7      | Reached XP level 9. HP: 23/39 MP: 18/18
  7285 | D:7      | Reached skill level 8 in Dodging
  7528 | D:7      | Reached skill level 1 in Throwing
  7598 | D:7      | Got a pitted short sword
  7599 | D:7      | Identified the cursed +1 short sword of Wrongful Imprisonment {chaos, *Corrode rC+ Int+4 SInv} (You found it on level 7 of the Dungeon)
  8007 | D:7      | Found a stormy altar of Qazlal.
  8007 | D:7      | Found a hazy altar of Hepliaklqana.
  8381 | D:8      | Noticed a two-headed ogre
  8408 | D:8      | Killed a two-headed ogre
  8633 | D:8      | Noticed Gastronok
  8813 | D:8      | Found a staircase to the Lair.
  9097 | D:8      | Noticed Maurice
  9103 | D:8      | Killed Maurice
  9103 | D:8      | Reached skill level 10 in Stealth
  9103 | D:8      | Reached XP level 10. HP: 44/44 MP: 19/19
  9583 | D:8      | Reached skill level 1 in Armour
  9676 | D:9      | Found Pulieqo's Jewellery Boutique.
  9691 | D:9      | Found a deep blue altar of Sif Muna.
  9819 | D:9      | Noticed a two-headed ogre
  9830 | D:9      | Killed a two-headed ogre
  9830 | D:9      | Reached skill level 9 in Dodging
  9850 | D:9      | Reached skill level 10 in Dodging
  9937 | D:9      | Noticed a manticore
  9939 | D:9      | Found Ogibidyo's Antique Armour Shop.
  9944 | D:9      | Killed a manticore
  9944 | D:9      | Reached skill level 11 in Dodging
  9954 | D:9      | Found an iron altar of Okawaru.
  9973 | D:9      | Gained mutation: You have sharp toenails. [potion of mutation]
  9973 | D:9      | Gained mutation: You possess an exceptional clarity of mind. [potion of mutation]
  9973 | D:9      | Gained mutation: You are occasionally teleported next to monsters. [potion of mutation]
 10071 | D:9      | Reached **** piety under Uskayaw
 10920 | D:9      | Noticed a two-headed ogre
 10982 | D:9      | Killed a two-headed ogre
 10988 | D:9      | Killed a two-headed ogre
 11109 | D:9      | Found a staircase to the Orcish Mines.
 11112 | D:9      | Reached XP level 11. HP: 51/51 MP: 21/21
 11555 | D:6      | Bought a scroll of identify for 30 gold pieces
 11555 | D:6      | Bought 2 scrolls of remove curse for 90 gold pieces
 11555 | D:6      | Bought a scroll of enchant armour for 112 gold pieces
 11736 | Lair:1   | Entered Level 1 of the Lair of Beasts
 11771 | Lair:1   | Reached ***** piety under Uskayaw
 11838 | Lair:1   | Reached skill level 1 in Invocations
 11919 | Lair:1   | Found a labyrinth entrance.
 11931 | Lab      | Entered a labyrinth
 14897 | Lab      | Noticed a minotaur
 14918 | Lab      | Killed a minotaur
 14918 | Lab      | Reached skill level 10 in Short Blades
 14930 | Lab      | Found the +7 Spriggan's Knife {MR+ EV+4 Dex+4 Stlth+}
 14930 | Lab      | Got a twitching tin amulet
 14934 | Lab      | Identified the amulet "Ihuonep" {+Rage Dex+4} (You found it in a labyrinth)
 15473 | Lair:1   | Noticed a five-headed hydra
 15500 | Lair:1   | Killed a five-headed hydra
 15645 | Lair:1   | Identified a scroll of acquirement
 15648 | Lair:1   | Got a pitted buckler
 15654 | Lair:1   | Identified the +2 buckler of Greed {rF+} (You acquired it on level 1 of the Lair of Beasts)
 15682 | Lair:1   | Reached skill level 1 in Shields
 15950 | Lair:2   | Noticed an oklob plant
 15951 | Lair:2   | Noticed an oklob plant
 15952 | Lair:2   | Noticed an oklob plant
 16104 | Lair:2   | Noticed a four-headed hydra
 16111 | Lair:2   | Killed a four-headed hydra
 16120 | Lair:2   | Noticed Nergalle
 16127 | Lair:2   | Killed Nergalle
 16713 | Lair:3   | Found a staircase to the Swamp.
 16714 | Lair:3   | Reached XP level 12. HP: 46/58 MP: 23/23
 16893 | Lair:3   | Found a dark tunnel.
 16951 | Volcano  | Entered a volcano
 17307 | Volcano  | Found a bloodstained altar of Trog.
 17307 | Volcano  | Noticed a centaur warrior
 17309 | Volcano  | Reached skill level 5 in Shields
 17314 | Volcano  | Killed a centaur warrior
 17377 | Volcano  | Noticed a red draconian
 17380 | Volcano  | Killed a red draconian
 18345 | Lair:4   | Found a hole to the Spider Nest.
 18544 | Lair:4   | Noticed a four-headed hydra
 18579 | Lair:3   | Reached skill level 5 in Throwing
 18696 | Lair:4   | Killed a four-headed hydra
 18856 | Lair:4   | Noticed Nessos
 18909 | Lair:4   | Killed Nessos
 19783 | Lair:5   | Found a transporter.
 19901 | Lair:5   | Reached XP level 13. HP: 61/61 MP: 25/25
 20207 | Lair:5   | Found a transporter.
 20256 | Lair:5   | Found a runed door.
 20256 | Lair:5   | Found a viscous altar of Jiyva.
 20257 | Lair:5   | Found a staircase to the Slime Pits.
 20257 | Lair:5   | Noticed an azure jelly
 20257 | Lair:5   | Noticed an azure jelly
 20257 | Lair:5   | Noticed an azure jelly
 20499 | Lair:6   | Entered Level 6 of the Lair of Beasts
 21475 | Lair:6   | Found a large runed door.
 21475 | Lair:6   | Found a large runed door.
 21882 | Lair:6   | Noticed a fire dragon
 21888 | Lair:6   | Killed a fire dragon
 21901 | Lair:6   | Got an ichor-stained rapier
 21910 | Lair:6   | Identified the +7 rapier "Kolun" {antimagic, *Drain rPois rN++ MR+ Int-4} (You found it on level 6 of the Lair of Beasts)
 22072 | Lair:6   | Learned a level 3 spell: Gell's Gravitas
 22764 | Spider:1 | Entered Level 1 of the Spider Nest
 22764 | Spider:1 | Noticed an entropy weaver
 22776 | Spider:1 | Killed an entropy weaver
 22776 | Spider:1 | Reached skill level 12 in Dodging
 22935 | Spider:1 | Reached skill level 13 in Dodging
 23968 | Spider:1 | HP: 3/61 [wolf spider (11)]
 23969 | Spider:1 | Slain by a wolf spider

Vault maps used:
D:1:      shiori_arrival_oz
D:2:      uniq_robin
D:3:      first_ration
D:4:      overflow_temple_1_default
D:5:      minmay_temple_entry_enclosed_plants, lightli_sewer_entry_pipes,
          serial_shops, nicolae_shop_waterfront, st_stairs_6
D:6:      kennysheep_six_static_rooms, grunt_temple_overflow_open, serial_shops,
          kennysheep_little_box, nicolae_elemental_shop
D:7:      gammafunk_temple_overflow_elements
D:8:      lair_entry_dummy, uniq_maurice, uniq_gastronok
D:9:      kennysheep_okawaru_gauntlet, lemuel_crystal_altar, david_orc_4,
          serial_shops, shop, shop_statue
Temple:   lightli_temple_of_artemis
Lair:1:   lab_entry_generic, serial_bayou_shore_b
Lair:2:   disabler_island, uniq_nergalle
Lair:3:   nicolae_swamp_entry_splash_gauntlet, nicolae_volcano_entry_vermiform
Lair:4:   spider_nest_entry_a, beast_lair_carwin_9, minmay_lair_oklob_chamber,
          uniq_nessos
Lair:5:   gammafunk_cloud_chamber, slime_altar_2, serial_bayou_shore_a
Lair:6:   cheibrodos_lair_end_hotspot
Lab:      lab_hedge, nicolae_lab_plus, nicolae_lab_quarters
Sewer:    sewer_kobolds
Volcano:  volcano_lake

Skill      XL: |  1  2  3  4  5  6  7  8  9 10 11 12 13 |
---------------+----------------------------------------+-----
Short Blades   | 2 4 5 9 10 | 10.1
Ice Magic      | 1 2 3 |  3.2
Hexes          | 4 5 6 7 8 9 |  9.0
Stealth        | 5 6 8 10 11 | 11.0
Dodging        | 5 6 7 8 11 13 | 13.0
Spellcasting   | 4 5 6 7 9 |  9.0
Conjurations   | 2 |  2.1
Translocations | 5 7 |  7.4
Throwing       | 3 4 8 |  8.8
Armour         | 2 |  2.4
Fighting       | 2 4 |  4.0
Invocations    | 2 4 |  4.3
Shields        | 4 7 |  7.2

Action                   |  1- 3 |  4- 6 |  7- 9 | 10-12 | 13-15 || total
-------------------------+-------+-------+-------+-------+-------++-------
Melee: Dagger            |   115 |   150 |   174 |    24 |       ||   463
       Short sword       |       |       |    66 |    93 |       ||   159
       Kick              |       |       |       |    28 |    23 ||    51
       Knife             |       |       |       |   106 |    99 ||   205
 Fire: Blowgun           |       |       |     2 |     3 |    22 ||    27
 Cast: Ensorcelled Hiber |    23 |    43 |    49 |   157 |    79 ||   351
       Corona            |       |     1 |     1 |       |     1 ||     3
       Confuse           |       |       |    15 |    12 |     4 ||    31
       Blink             |       |       |     1 |     8 |    20 ||    29
       Dazzling Spray    |       |       |       |     2 |       ||     2
Invok: Line Pass         |       |       |     2 |     2 |     1 ||     5
Evoke: Wand              |       |       |       |       |     9 ||     9
  Use: Scroll            |     4 |     6 |     5 |    12 |     6 ||    33
       Potion            |     2 |     5 |     2 |     6 |     3 ||    18
 Stab: Sleeping          |    18 |    42 |    48 |   134 |    57 ||   299
       Confused          |       |       |    10 |     6 |     2 ||    18
       Paralysed         |       |       |     2 |     9 |     2 ||    13
       Distracted        |       |       |       |     3 |     1 ||     4
       Petrified         |       |       |       |     1 |       ||     1
  Eat: Ration            |       |     3 |     2 |     5 |     3 ||    13
Armor: Robe              |     5 |     9 |     9 |     6 |     3 ||    32
Dodge: Dodged            |    80 |   121 |   149 |   133 |   132 ||   615
Block: Buckler           |       |       |       |    25 |    56 ||    81

Table legend:
 A = Spawn XP
 B = Non-spawn XP
 C = Spawn XP percentage of total XP
 D = Spawn monster count
 E = Non-spawn monster count
 F = Spawn count percentage of total count
 G = Total turns spent on level
                    A         B        C        D         E        F      G
               +---------+---------+-------+---------+---------+-------+---------
         Total |       0 |   57323 |   0.0 |       0 |     430 |   0.0 | 23969
               +---------+---------+-------+---------+---------+-------+---------
           D:1 |       0 |      11 |   0.0 |       0 |       7 |   0.0 |   855
           D:2 |       0 |     117 |   0.0 |       0 |      46 |   0.0 |  1705
           D:3 |       0 |      89 |   0.0 |       0 |      20 |   0.0 |   854
           D:4 |       0 |     287 |   0.0 |       0 |      21 |   0.0 |   918
           D:5 |       0 |     686 |   0.0 |       0 |      17 |   0.0 |  1066
           D:6 |       0 |    1030 |   0.0 |       0 |      21 |   0.0 |  1399
           D:7 |       0 |    1026 |   0.0 |       0 |      33 |   0.0 |  1678
           D:8 |       0 |    2697 |   0.0 |       0 |      23 |   0.0 |  1833
           D:9 |       0 |    5166 |   0.0 |       0 |      57 |   0.0 |  1334
        Lair:1 |       0 |    5323 |   0.0 |       0 |      28 |   0.0 |   954
        Lair:2 |       0 |    1835 |   0.0 |       0 |       2 |   0.0 |   746
        Lair:3 |       0 |    5408 |   0.0 |       0 |      23 |   0.0 |  1194
        Lair:4 |       0 |    9634 |   0.0 |       0 |      30 |   0.0 |  1898
        Lair:5 |       0 |    3605 |   0.0 |       0 |      18 |   0.0 |   912
        Lair:6 |       0 |   10315 |   0.0 |       0 |      41 |   0.0 |  1845
      Spider:1 |       0 |    4330 |   0.0 |       0 |      10 |   0.0 |   537
           Lab |       0 |    1844 |   0.0 |       0 |      10 |   0.0 |  3088
         Sewer |       0 |     127 |   0.0 |       0 |      11 |   0.0 |   311
       Volcano |       0 |    3793 |   0.0 |       0 |      12 |   0.0 |   620
               +---------+---------+-------+---------+---------+-------+---------
